 Dungeon Crawl Stone Soup version 0.25.0-1-g7eea58d (webtiles) character file.

Game seed: 14126122297326012780

193 GeorgeSoros the Sneak (level 5, 0/24 HPs)
             Began as a Spriggan Enchanter on June 20, 2020.
             Killed by nerve-wracking pain
             ... invoked by an orc priest
              (3 damage)
             ... on level 3 of the Dungeon on June 22, 2020.
             The game lasted 00:21:20 (4278 turns).

GeorgeSoros the Sneak (Spriggan Enchanter)          Turns: 4278, Time: 00:21:20

Health: 0/24       AC:  1    Str:  5    XL:     5   Next: 44%
Magic:  1/10       EV: 20    Int: 17    God:
Gold:   257        SH:  4    Dex: 18    Spells: 7/10 levels left

rFire    . . .     SeeInvis +   a - +2 dagger
rCold    . . .     Gourm    .   (shield restricted)
rNeg     . . .     Faith    .   b - +0 robe
rPois    +         Spirit   .   (helmet restricted)
rElec    .         Reflect  .   (no cloak)
rCorr    .         Harm     .   (gloves unavailable)
MR       .....                  (boots unavailable)
Stlth    +++.......             (no amulet)
HPRegen  0.08/turn              j - ring of poison resistance
MPRegen  0.12/turn              (no ring)

@: stab, very slightly contaminated, invisible, very quick
A: very small, unfitting armour, large bone plates 1, see invisible, agile 1,
deformed body, herbivore, speed 3, slow metabolism 2, MP-powered wands
a: no special abilities


You were on level 3 of the Dungeon.
You were not hungry.

You visited 1 branch of the dungeon, and saw 3 of its levels.

You collected 257 gold pieces.

Inventory:

Hand Weapons
 a - a +2 dagger (weapon)
Missiles
 e - 84 stones
 i - 24 poisoned darts (quivered)
Armour
 b - a +0 robe (worn)
Jewellery
 j - a ring of poison resistance (left hand)
Scrolls
 k - a scroll of teleportation
 l - a scroll of remove curse
Potions
 c - 2 potions of flight
 h - a potion of mutation
 o - a potion of curing {unknown}
Comestibles
 d - 3 rations


   Skills:
 + Level 3.0 Short Blades
 + Level 4.7 Dodging
 + Level 6.0 Stealth
 - Level 3.0 Spellcasting
 + Level 4.8 Hexes


You had 7 spell levels left.
You knew the following spells:

 Your Spells              Type           Power        Failure   Level  Hunger
a - Corona                Hex            ###....      2%          1    None
b - Ensorcelled Hibernat  Hex/Ice        ##....       10%         2    ##.....

Your spell library contained the following spells:

 Spells                   Type           Power        Failure   Level  Hunger
 Confusing Touch          Hex            ###.....     8%          3    ###....
 Tukima's Dance           Hex            ###.....     8%          3    ###....
 Dazzling Flash           Conj/Hex       ##....       21%         3    ###....


Dungeon Overview and Level Annotations

Branches:
Dungeon (3/15)

Altars:


Innate Abilities, Weirdness & Mutations

You are very small and have problems with some larger weapons.
You are too small for most types of armour.
You have supernaturally acute eyesight. (SInv)
You are a herbivore.
You cover ground extremely quickly.
You need to consume almost no food.
You are partially covered in large bone plates. (SH +4)
You are agile. (Dex +2)
Armour fits poorly on your strangely shaped body.
You expend magic power (3 MP) to strengthen your wands.


Message History

The orc priest hits you with a +0 dagger.
* * * LOW HITPOINT WARNING * * *
Okay, then.
Okay, then.
You aren't carrying any items that you can evoke.
Unknown command.
It was a potion of mutation.
You feel extremely strange.
Large bone plates grow over parts of your arms.
You feel agile.
Your body twists and deforms.
You feel your magical essence link to the dungeon's wands.
It was a potion of stabbing.
You feel ready to backstab. The orc priest barely misses you.
It was a potion of invisibility.
You fade into invisibility!
The orc priest misses you.
You are very lightly contaminated with residual magic.
The orc priest calls down the wrath of Beogh upon something.
Pain shoots through your body!
You die...

#
#.#.....o)....##.......
# #.#..##.#####.# #
##...#..# #.# #
##...#.# #.#
######..##.# #.#
....(.o.##.# #o#
.<......##.# #.#
...####o##.# #.#
.......... #@#
...######## #.#
......... ..# .########
#### ## #


You could see an orc priest.

Vanquished Creatures
  An orc wizard (D:3)
  Terence (D:3)
  4 adders
  2 oozes (D:1)
  3 dart slugs (D:1)
  6 orcs (D:3)
  A ball python (D:2)
  9 bats
  11 giant cockroaches
  6 goblins
  8 hobgoblins
  6 jackals
  4 frilled lizards
  7 kobolds
  13 rats
82 creatures vanquished.

Notes
Turn   | Place    | Note
-------+----------+-------------------------------------------
     0 | D:1      | GeorgeSoros the Spriggan Enchanter began the quest for the
                  | Orb.
     0 | D:1      | Reached XP level 1. HP: 9/9 MP: 5/5
     1 | D:1      | Found a runed translucent door.
     4 | D:1      | Noticed a jelly
   602 | D:1      | Reached XP level 2. HP: 13/13 MP: 6/6
   606 | D:1      | Learned a level 2 spell: Ensorcelled Hibernation
  1066 | D:1      | Reached XP level 3. HP: 16/16 MP: 8/8
  1319 | D:1      | Reached skill level 5 in Stealth
  2138 | D:2      | Reached XP level 4. HP: 21/21 MP: 9/9
  2951 | D:3      | Noticed Terence
  2972 | D:3      | Killed Terence
  3305 | D:3      | Reached XP level 5. HP: 16/24 MP: 7/10
  4248 | D:3      | Reached skill level 6 in Stealth
  4273 | D:3      | Gained mutation: You are partially covered in large bone
                  | plates. (SH +4) [potion of mutation]
  4273 | D:3      | Gained mutation: You are agile. (Dex +2) [potion of
                  | mutation]
  4273 | D:3      | Gained mutation: Armour fits poorly on your strangely
                  | shaped body. [potion of mutation]
  4273 | D:3      | Gained mutation: You expend magic power (3 MP) to
                  | strengthen your wands. [potion of mutation]
  4278 | D:3      | Killed from afar by an orc priest

Illustrated notes

Levels and vault maps discovered:
D:1:      dpeg_arrival_caged_fury, layout_basic, minmay_rat_gold_closets
D:2:      layout_loops_ring, first_ration, corexii_leaking_fountain
D:3:      layout_loops_ring, chequers_serial_rivers_large_a,
          kennysheep_cluttered_room, uniq_terence

Skill      XL: |  1  2  3  4  5 |
---------------+----------------+-----
Spellcasting   | 3 |  3.0
Hexes          | 4 |  4.8
Stealth        | 5 6 |  6.0
Short Blades   | 2 3 |  3.0
Dodging        | 4 |  4.7

Action                   |  1- 3 |  4- 6 || total
-------------------------+-------+-------++-------
Melee: Dagger            |   165 |   171 ||   336
Throw: Dart              |     7 |     8 ||    15
 Cast: Corona            |    18 |     6 ||    24
       Ensorcelled Hiber |     7 |    20 ||    27
  Use: Scroll            |     3 |     5 ||     8
       Potion            |       |     3 ||     3
 Stab: Sleeping          |    14 |    16 ||    30
  Eat: Ration            |       |     2 ||     2
Armor: Robe              |    16 |    17 ||    33
Dodge: Dodged            |   125 |   132 ||   257
